 Dungeon Crawl Stone Soup version 0.30-a0-29-g142975f185 (webtiles) character file.

Game seed: 1078159022489271159

145 kae the Firebug (level 4, -3/35 HPs)
             Began as a Demigod Fire Elementalist on Aug 25, 2022.
             Slain by a gnoll
             ... wielding a +0 flail
              (8 damage)
             ... on level 3 of the Dungeon.
             The game lasted 00:02:24 (2586 turns).

kae the Firebug (Demigod Fire Elementalist)         Turns: 2586, Time: 00:02:25

Health: -3/35      AC:  5    Str:  9    XL:     4   Next: 78%
Magic:  0/10       EV: 12    Int: 21    God:
Gold:   166        SH:  0    Dex: 14    Spells: 1/7 levels left

rFire   . . .      SeeInvis .    (no weapon)
rCold   . . .      Faith    .    (no shield)
rNeg    . . .      Spirit   .    a - +0 robe
rPois   .          Reflect  .    j - +0 helmet
rElec   .          Harm     .    (no cloak)
rCorr   .          Rampage  .    o - +0 pair of gloves
Will    .....                    q - +0 pair of boots
Stlth   ++........               (no amulet)
HPRegen 0.11/turn                (no ring)
MPRegen 0.12/turn                (no ring)

@: no status effects
A: high MP 1, forlorn, divine attributes
a: no special abilities


You were on level 3 of the Dungeon.
You visited 1 branch of the dungeon, and saw 3 of its levels.

You collected 166 gold pieces.


Innate Abilities, Weirdness & Mutations

You have an increased reservoir of magic. (+10% MP)
You shall have no god before yourself.
Your divine heritage dramatically boosts your attributes as you level up.


   Skills:
 + Level 1.4 Fighting
 + Level 2.3 Dodging
 - Level 1.7 Stealth
 + Level 2.2 Spellcasting
 * Level 2.2 Conjurations
 * Level 3.7 Fire Magic


You had one spell level left.
You knew the following spells:

 Your Spells              Type           Power      Damage    Failure   Level
a - Foxfire               Conj/Fire      56%        2x1d6     4%          1
b - Scorch                Fire           34%        2d6       4%          2
c - Conjure Flame         Conj/Fire      14%        6-21      13%         3

Your spell library contained the following spells:

 Spells                   Type           Power      Damage    Failure   Level
 Magic Dart               Conj           44%        1d5       5%          1
 Searing Ray              Conj           22%        2d5       9%          2
 Inner Flame              Hex/Fire       10%        N/A       21%         3
 Flame Wave               Conj/Fire      14%        2d6       38%         4
 Call Canine Familiar     Summ           2%         N/A       41%         3
 Portal Projectile        Hex/Tloc       4%         N/A       41%         3
 Fulminant Prism          Conj/Hex       3%         3d6       65%         4
 Leda's Liquefaction      Hex/Erth       1%         N/A       82%         4

Inventory:

Missiles
 g - 25 stones
 m - 2 throwing nets {=f!f}
Armour
 a - a +0 robe (worn)
 j - a +0 helmet (worn)
   (You took it off Robin on level 2 of the Dungeon)
 o - a +0 pair of gloves (worn)
   (You found it on level 2 of the Dungeon)
 q - a +0 pair of boots (worn)
   (You found it on level 3 of the Dungeon)
Jewellery
 D - a +6 ring of dexterity
   (You took it off a goblin on level 2 of the Dungeon)
Scrolls
 c - a scroll of silence {unknown}
 d - 2 scrolls of enchant weapon {unknown}
 f - 3 scrolls of identify {unknown}
 h - 4 scrolls of teleportation {unknown}
 l - a scroll of summoning {unknown}
 p - a scroll of enchant armour {unknown}
Potions
 b - a potion of magic
 e - a potion of berserk rage {unknown}
 i - a potion of lignification {unknown}
 k - 2 potions of brilliance {unknown}
 n - a potion of curing {unknown}
 r - a potion of flight {unknown}
 s - a potion of ambrosia {unknown}

Dungeon Overview and Level Annotations

Branches:
Dungeon (3/15) Zot: 15412

##### #...######
#........# #...####.#
#########)## #.#
........g@# ##.##
##############...##
#......# #.#...##
#.##.## #######.####
#........#
####.....############
##.##............#


You could see a gnoll (combustible).


Message History

Confirm with . or Enter, or press ? or * to list all spells.
You conjure some foxfire! 😎 MP[-1]
You lost 1 mp, and now have 9/10 mp.
Casting: Foxfire (safe; 4% risk of failure)
Confirm with . or Enter, or press ? or * to list all spells.
You conjure some foxfire!
The foxfire hits the endoplasm.
The endoplasm quivers.
The foxfire hits the endoplasm.
You kill the endoplasm! 😎 MP[-1]
You lost 1 mp, and now have 8/10 mp.
Casting: Foxfire (safe; 4% risk of failure)
Confirm with . or Enter, or press ? or * to list all spells.
You conjure some foxfire! 😎 MP[-1]
You lost 1 mp, and now have 7/10 mp.
r - a sedimented sapphire potion 😎 MP[+3]
Your mp is fully restored (10).
s - a viscous orange potion A gnoll comes into view.
It is wielding a +0 club.
A gnoll is nearby!
A gnoll is nearby!
Casting: Foxfire (safe; 4% risk of failure)
Confirm with . or Enter, or press ? or * to list all spells.
You conjure some foxfire!
The gnoll shouts!
The foxfire hits the gnoll. 😎 MP[-1]
You lost 1 mp, and now have 9/10 mp.
Casting: Foxfire (safe; 4% risk of failure)
Confirm with . or Enter, or press ? or * to list all spells.
You conjure some foxfire!
A gnoll comes into view. It is wielding a +0 whip.
The foxfire hits the gnoll.
There are monsters nearby! 😎 MP[-1]
You lost 1 mp, and now have 8/10 mp.
Casting: Foxfire (safe; 4% risk of failure)
Confirm with . or Enter, or press ? or * to list all spells.
You conjure some foxfire!
A gnoll comes into view. It is wielding a +0 flail.
The foxfire hits the gnoll. x2
Casting: Foxfire (safe; 4% risk of failure)
Confirm with . or Enter, or press ? or * to list all spells.
You conjure some foxfire!
The foxfire hits the gnoll but does no damage.
The foxfire hits the gnoll.
You kill the gnoll! 😎 MP[-1]
You lost 1 mp, and now have 7/10 mp.
Casting: Foxfire (safe; 4% risk of failure)
Confirm with . or Enter, or press ? or * to list all spells.
You conjure some foxfire!
The foxfire hits the gnoll.
The foxfire hits the gnoll. 😎 MP[-1]
You lost 1 mp, and now have 6/10 mp.
Casting: Foxfire (safe; 4% risk of failure)
Confirm with . or Enter, or press ? or * to list all spells.
You conjure some foxfire!
The foxfire hits the gnoll. 😎 MP[-1]
You lost 1 mp, and now have 5/10 mp.
Casting: Foxfire (safe; 4% risk of failure)
Confirm with . or Enter, or press ? or * to list all spells.
There is not enough space to conjure foxfire!
Casting: Foxfire (safe; 4% risk of failure)
Confirm with . or Enter, or press ? or * to list all spells.
There is not enough space to conjure foxfire!
Unknown command.
Casting: Foxfire (safe; 4% risk of failure)
Confirm with . or Enter, or press ? or * to list all spells.
Flames lash the gnoll.
The gnoll's fire resistance burns away.
The gnoll hits you with a +0 flail! The gnoll barely misses you.
The gnoll hits you with a +0 flail.
The gnoll hits you with a +0 whip. 😮 HP[-10] MP[-1]
You take 10 damage, and now have 25/35 hp.
MASSIVE DAMAGE!! (PAUSE)
You lost 1 mp, and now have 4/10 mp.
Casting: Scorch (safe; 4% risk of failure)
Confirm with . or Enter, or press ? or * to list all spells.
Flames lash the gnoll.
The gnoll is burned terribly!
The gnoll hits you with a +0 flail!
* * * LOW HITPOINT WARNING * * *
The gnoll hits you but does no damage. The gnoll hits you with a +0 flail!
* * * LOW HITPOINT WARNING * * *
The gnoll hits you with a +0 whip.
* * * LOW HITPOINT WARNING * * *
😱 HP[-20] MP[-2]
You take 20 damage, and now have 5/35 hp.
MASSIVE DAMAGE!! (PAUSE)
You lost 2 mp, and now have 2/10 mp.
Casting: Scorch (safe; 4% risk of failure)
Confirm with . or Enter, or press ? or * to list all spells.
Flames lash the gnoll.
You kill the gnoll!
The gnoll hits you but does no damage. The gnoll hits you with a +0 flail!
You die...

Skill      XL: |  1  2  3 |
---------------+----------+-----
Conjurations   | 1 2 |  2.2
Fire Magic     | 3 |  3.7
Dodging        | 2 |  2.3
Spellcasting   | 2 |  2.2
Fighting       | 1 |  1.4
Stealth        | |  1.7

Action                   |  1- 3 |  4- 6 || total
-------------------------+-------+-------++-------
Melee: Unarmed           |     6 |       ||     6
 Cast: Foxfire           |    91 |    27 ||   118
       Scorch            |     8 |     5 ||    13
       Conjure Flame     |     2 |       ||     2
Armor: Robe              |     7 |     4 ||    11
Dodge: Dodged            |    22 |     6 ||    28

Levels and vault maps discovered:
D:1:      mrwooster_arrival_statue_2, layout_rooms,
          shapermc_ecumenical_altar_ellora, chequers_serial_rivers_small_a
D:2:      layout_loops_ring, minmay_misc_feat_plants, minmay_hexomino_f4,
          uniq_terence, uniq_robin
D:3:      layout_loops_ring, dancing_weapons_uskayaw, nzn_wu_jian_council_hall

Notes
Turn   | Place    | Note
-------+----------+-------------------------------------------
     0 | D:1      | kae the Demigod Fire Elementalist began the quest for the
                  | Orb.
     0 | D:1      | Reached XP level 1. HP: 14/14 MP: 5/5
     0 | D:1      | magus.rc [v1.11.3]
    55 | D:1      | Reached skill level 1 in Conjurations
   170 | D:1      | Reached XP level 2. HP: 22/22 MP: 4/7
   181 | D:1      | Learned a level 2 spell: Scorch
   343 | D:1      | Reached skill level 3 in Fire Magic
   863 | D:2      | Noticed Robin
   872 | D:2      | Killed Robin
   873 | D:2      | Reached skill level 2 in Dodging
   873 | D:2      | Reached skill level 2 in Spellcasting
   873 | D:2      | Reached XP level 3. HP: 22/27 MP: 0/8
  1012 | D:2      | Reached skill level 1 in Fighting
  1085 | D:2      | Noticed Terence
  1289 | D:2      | You pick up a book of the Hunter and begin reading...
  1289 | D:2      | You add the spells Call Canine Familiar, Portal Projectile
                  | and Leda's Liquefaction to your library.
  1349 | D:2      | Learned a level 3 spell: Conjure Flame
  1922 | D:2      | Killed Terence
  1923 | D:2      | Reached skill level 2 in Conjurations
  1923 | D:2      | Reached XP level 4. HP: 35/35 MP: 2/9
  2425 | D:3      | You pick up a book of Conjurations and begin reading...
  2425 | D:3      | You add the spells Magic Dart, Searing Ray and Fulminant
                  | Prism to your library.
  2430 | D:3      | Noticed a +0 hand axe
  2431 | D:3      | Noticed a +0 hand axe
  2584 | D:3      | HP: 7/35 [gnoll/+0 flail (9)]
  2586 | D:3      | Slain by a gnoll

Vanquished Creatures
  Terence (D:2)
  Robin (D:2)
  2 gnolls (D:3)
  2 adders
  5 ball pythons
  4 bats
  5 endoplasms
  2 giant cockroaches
  10 goblins
  12 hobgoblins
  7 jackals
  7 kobolds
  A quokka (D:1)
  A frilled lizard (D:1)
  5 rats
65 creatures vanquished.

Vanquished Creatures (others)
  185 foxfires
185 creatures vanquished.

Grand Total: 250 creatures vanquished

Table legend:
 A = Non-vault XP
 B = Vault XP
 C = Vault XP percentage of total XP
 D = Non-vault monster count
 E = Vault monster count
 F = Vault count percentage of total count
                 A         B        C        D         E       F
            +---------+---------+-------+---------+---------+-------
      Total |     122 |      86 |  41.3 |      50 |      15 |  23.1
            +---------+---------+-------+---------+---------+-------
        D:1 |      33 |       0 |   0.0 |      20 |       0 |   0.0
        D:2 |      34 |      86 |  71.7 |      19 |      15 |  44.1
        D:3 |      55 |       0 |   0.0 |      11 |       0 |   0.0
            +---------+---------+-------+---------+---------+-------

Illustrated notes

Table legend:
 A = Kills in this place as a percentage of kills in entire the game.
 B = Kills by you in this place as a percentage of kills by you in the entire game.
 C = Kills by friends in this place as a percentage of kills by friends in the entire game.
 D = Other kills in this place as a percentage of other kills in the entire game.
 E = Experience gained in this place as a percentage of experience gained in the entire game.
 F = Experience gained in this place divided by the number of levels of this place that you have seen.
                   A       B       C       D       E      F
               +-------+-------+-------+-------+-------+----------------------
         Total | 100.0 | 100.0 |   N/A |   N/A | 100.0 |  69.3
       Dungeon | 100.0 | 100.0 |   N/A |   N/A | 100.0 |  69.3
               +-------+-------+-------+-------+-------+----------------------

Table legend: (Time is in decaauts)
 A = Elapsed time spent in this place.
 B = Non-inter-level travel time spent in this place.
 C = Inter-level travel time spent in this place.
 D = Time resting spent in this place.
 E = Time spent auto-exploring this place.
 F = Levels seen in this place.
 G = Mean time per level.
                   A        B        C        D        E       F      G
               +--------+--------+--------+--------+--------+-----+--------+
         Total |   2586 |   2515 |     71 |      2 |   1986 |   3 |  862.0 |
       Dungeon |   2586 |   2515 |     71 |      2 |   1986 |   3 |  862.0 |
               +--------+--------+--------+--------+--------+-----+--------+

Top non-repeatable levels by time:
     D:2: 1245 daAuts
     D:1: 882 daAuts
     D:3: 459 daAuts
